 Dungeon Crawl Stone Soup version 0.31-a0-1-g4198be8af4 (webtiles) character file.

Game seed: 6788280070170643310

548898 mandoloar the Executioner (level 26, 0/253 HPs)
             Began as a Hill Orc Fighter on May 1, 2023.
             Was a High Priest of the Shining One.
             Slain by an azure jelly (3 damage)
             ... created by the Royal Jelly
             ... on level 5 of the Pits of Slime on May 2, 2023.
             The game lasted 03:09:52 (72380 turns).

mandoloar the Executioner (Hill Orc Fighter)       Turns: 72380, Time: 03:09:52

Health: 0/253      AC: 30    Str: 35    XL:     26   Next: 24%
Magic:  20/35      EV: 17    Int:  6    God:    the Shining One [*****.]
Gold:   7252       SH: 28    Dex: 17    Spells: 25/25 levels left

rFire   + + .        a - +7 broad axe (heavy)
rCold   + . .        q - +1 tower shield {reflect}
rNeg    + + .        O - +5 storm dragon scales "Hirobes" {+Blink rElec rF+}
rPois   +            y - +0 helmet
rElec   +            u - +0 cloak
rCorr   .            Y - +1 pair of gloves of Classification {rF+ Dex+4}
SInv    .            K - +1 pair of boots of Dice, Bag, and Bottle {Harm Str+5 Int-5 Dex+3}
Will    ++...        r - amulet "Luiluose" {Reflect rPois Will+ Int+3 SH+5} Stlth
                     V - ring of the Tortoise {AC+8}
HPRegen 0.62/turn    c - ring of Twilight {rC+ Str+3}
MPRegen 0.24/turn

%: harm (+30% outgoing, +20% incoming), reflection
@: engulfed (cannot breathe), corroded, glowing, studying 2 skills
A: mutation resistance 1, poison resistance, weak 2, no potion heal 1, subdued
magic 1
}: 3/15 runes: decaying, silver, gossamer
a: Renounce Religion, Evoke Blink, Divine Shield, Cleansing Flame, Summon Divine
Warrior


You were on level 5 of the Pits of Slime.
You worshipped the Shining One.
The Shining One was extremely pleased with you.
You visited 11 branches of the dungeon, and saw 49 of its levels.
You visited the Abyss 1 time.
You also visited: Ossuary, Gauntlet and Ice Cave.

You collected 11396 gold pieces.
You spent 4144 gold pieces at shops.

Inventory:

Hand Weapons
 a - a +7 heavy broad axe (weapon)
 b - a +3 broad axe of flaming
Missiles
 j - 4 silver boomerangs
 N - 2 javelins
 P - 14 boomerangs (quivered)
 X - 4 silver javelins
Armour
 q - a +1 tower shield of reflection (worn)
 u - a +0 cloak (worn)
 y - a +0 helmet (worn)
 K - the +1 pair of boots of Dice, Bag, and Bottle (worn) {Harm Str+5 Int-5 Dex+3}
   (You found it on level 8 of the Dungeon)

   Str:       It affects your strength (+5).
   Int:       It affects your intelligence (-5).
   Dex:       It affects your dexterity (+3).
   Harm:      It increases damage dealt and taken.
 O - the +5 storm dragon scales "Hirobes" (worn) {+Blink rElec rF+}
   (You bought it in a shop on level 2 of the Orcish Mines)

   rF:        It protects you from fire.
   rElec:     It insulates you from electricity.
   +Blink:    It lets you blink.
 Y - the +1 pair of gloves of Classification (worn) {rF+ Dex+4}
   (You found it in an ice cave)

   Dex:       It affects your dexterity (+4).
   rF:        It protects you from fire.
Jewellery
 c - the ring of Twilight (right hand) {rC+ Str+3}
   (You acquired it on level 1 of the Lair of Beasts)

   [ring of protection from cold]

   Str:       It affects your strength (+3).
   rC:        It protects you from cold.
 r - the amulet "Luiluose" (around neck) {Reflect rPois Will+ Int+3 SH+5}
   (You acquired it on level 1 of the Lair of Beasts)

   [amulet of reflection]

   It reflects blocked missile attacks.
   Int:       It affects your intelligence (+3).
   rPois:     It protects you from poison.
   SH:        It affects your SH (+5).
   Will:      It increases your willpower.
 w - a ring of flight
 V - the ring of the Tortoise (left hand) {AC+8}
   (You took it off an ogre mage on level 5 of the Vaults)

   [ring of protection]

   AC:        It affects your AC (+8).
Wands
 H - a wand of digging (27)
Scrolls
 h - a scroll of brand weapon
 k - a scroll of enchant weapon
 l - 7 scrolls of fear
 m - 13 scrolls of amnesia
 t - 27 scrolls of teleportation
 B - 9 scrolls of enchant armour
 C - 3 scrolls of magic mapping
 D - 6 scrolls of immolation
 G - a scroll of butterflies
 Q - 3 scrolls of torment
 S - 9 scrolls of vulnerability
 T - 4 scrolls of blinking
 U - 14 scrolls of fog
 Z - 6 scrolls of poison
Potions
 d - 11 potions of might
 e - 3 potions of haste
 f - 11 potions of flight
 g - 12 potions of lignification
 n - 11 potions of heal wounds
 o - 28 potions of curing
 v - 8 potions of attraction
 x - 6 potions of ambrosia
 z - 4 potions of magic
 A - 12 potions of brilliance
 E - 5 potions of berserk rage
 F - 4 potions of resistance
 L - 2 potions of mutation
 M - 8 potions of cancellation


   Skills:
 + Level 23.7 Fighting
 + Level 25.2 Axes
 + Level 15.2 Throwing
 + Level 20.7 Armour
 + Level 14.1 Dodging
 + Level 19.9 Shields
 - Level 16.0 Invocations
 - Level 3.0 Evocations


You had 25 spell levels left.
You didn't know any spells.
Your spell library contained the following spells:

 Spells                   Type           Power      Damage    Failure   Level
 Apportation              Tloc           0%         N/A       83%         1
 Foxfire                  Conj/Fire      0%         2x1d4     83%         1
 Kiss of Death            Conj/Necr      0%         2d5       83%         1
 Magic Dart               Conj           0%         1d3       83%         1
 Necrotise                Necr           0%         1d4       83%         1
 Sandblast                Erth           0%         2d4       83%         1
 Shock                    Conj/Air       0%         1d3       83%         1
 Slow                     Hex            0%         N/A       83%         1
 Sting                    Tmut/Pois      0%         1d3       83%         1
 Summon Small Mammal      Summ           0%         N/A       83%         1
 Call Imp                 Summ           0%         N/A       92%         2
 Cigotuvi's Dreadful Rot  Necr/Pois/Air  0%         N/A       92%         2
 Ensorcelled Hibernation  Hex/Ice        0%         N/A       92%         2
 Lesser Beckoning         Tloc           0%         N/A       92%         2
 Passwall                 Tmut/Erth      0%         N/A       92%         2
 Poisonous Vapours        Pois/Air       0%         N/A       92%         2
 Scorch                   Fire           0%         2d5       92%         2
 Static Discharge         Conj/Air       0%         2-2/arc   92%         2
 Sublimation of Blood     Necr           0%         N/A       92%         2
 Confusing Touch          Hex            0%         N/A       99%         3
 Gell's Gravitas          Tloc           0%         N/A       99%         3
 Hailstorm                Conj/Ice       0%         3d3       99%         3
 Ignite Poison            Fire/Tmut/Pois 0%         N/A       99%         3
 Mephitic Cloud           Conj/Pois/Air  0%         N/A       99%         3
 Ozocubu's Armour         Ice            0%         N/A       99%         3
 Portal Projectile        Hex/Tloc       0%         N/A       99%         3
 Stone Arrow              Conj/Erth      0%         3d7       99%         3
 Summon Guardian Golem    Hex/Summ       0%         N/A       99%         3
 Swiftness                Air            0%         N/A       99%         3
 Teleport Other           Tloc           0%         N/A       99%         3
 Tukima's Dance           Hex            0%         N/A       99%         3
 Vampiric Draining        Necr           0%         2d6       99%         3
 Volatile Blastmotes      Fire/Tloc      0%         2d10      99%         3
 Airstrike                Air            0%         2d(0-16)  100%        4
 Anguish                  Hex/Necr       0%         N/A       100%        4
 Animate Dead             Necr           0%         N/A       100%        4
 Dispel Undead            Necr           0%         3d6       100%        4
 Flame Wave               Conj/Fire      0%         2d4       100%        4
 Fulminant Prism          Conj/Hex       0%         3d5       100%        4
 Ice Form                 Ice/Tmut       0%         N/A       100%        4
 Iskenderun's Mystic Bla  Conj/Tloc      0%         2d3       100%        4
 Leda's Liquefaction      Hex/Erth       0%         N/A       100%        4
 Olgreb's Toxic Radiance  Pois           0%         N/A       100%        4
 Petrify                  Tmut/Erth      0%         N/A       100%        4
 Sticky Flame             Conj/Fire      0%         2d3       100%        4
 Summon Lightning Spire   Summ/Air       0%         N/A       100%        4
 Alistair's Intoxication  Tmut/Pois      0%         N/A       100%        5
 Arcjolt                  Conj/Air       0%         1d10      100%        5
 Blade Hands              Tmut           0%         N/A       100%        5
 Fireball                 Conj/Fire      0%         3d3       100%        5
 Freezing Cloud           Conj/Ice/Air   0%         6-21      100%        5
 Lee's Rapid Deconstruct  Erth           0%         3d4*      100%        5
 Metabolic Englaciation   Hex/Ice        0%         N/A       100%        5
 Silence                  Hex/Air        0%         N/A       100%        5
 Summon Forest            Summ/Tloc      0%         N/A       100%        5
 Summon Mana Viper        Hex/Summ       0%         N/A       100%        5
 Conjure Ball Lightning   Conj/Air       0%         3x3d6     100%        6
 Dispersal                Tloc           0%         N/A       100%        6
 Plasma Beam              Fire/Air       0%         2x1d11    100%        6
 Simulacrum               Ice/Necr       0%         N/A       100%        6
 Starburst                Conj/Fire      0%         6d3       100%        6
 Statue Form              Tmut/Erth      0%         N/A       100%        6
 Summon Cactus Giant      Summ           0%         N/A       100%        6
 Haunt                    Necr/Summ      0%         N/A       100%        7
 Ozocubu's Refrigeration  Ice            0%         4d7       100%        7
 Ignition                 Fire           0%         3d3       100%        8
 Maxwell's Capacitive Co  Air            0%         ∞         100%        8
 Necromutation            Tmut/Necr      0%         N/A       100%        8
 Death's Door             Necr           0%         N/A       100%        9
 Polar Vortex             Ice            0%         N/A       100%        9


Dungeon Overview and Level Annotations

Branches:
Dungeon (15/15)            Temple (1/1) D:5            Lair (5/5) D:8
  Swamp (4/4) Lair:2       Spider (4/4) Lair:3        Slime (5/5) Lair:5
    Orc (2/2) D:11            Elf (3/3) Orc:2        Vaults (5/5) D:14
  Crypt (1/3) Vaults:2     Depths (4/4) D:15            Zot (0/5) Depths:4
Ossuary (visited)           IceCv (visited)         Gauntlet (visited)

Altars:
Ashenzari
Cheibriados
Dithmenos
Elyvilon
Fedhas
Gozag
Hepliaklqana
Kikubaaqudgha
Makhleb
Nemelex Xobeh
Okawaru
Qazlal
Ru
Sif Muna
Trog
Uskayaw
Vehumet
Wu Jian
Xom
Yredelemnul
Zin
The Shining One
Jiyva

Shops:
D:6 (   D:7 =   D:14 *   Orc:2 ([[(   Elf:1 :   Vaults:1 [?   Vaults:2 :
Vaults:3 *   Vaults:5 (   Depths:4 (?==

Portals:
Hell: Depths:1 Depths:2 Depths:3 Depths:4
Abyss: Depths:3
Pandemonium: Depths:1 Depths:2 Depths:3
Ziggurat: Depths:1


Innate Abilities, Weirdness & Mutations

You are somewhat resistant to further mutation.
Your system is resistant to poisons. (rPois)
You are very weak. (Str -4)
Potions are less effective at restoring your health.
Your spells are a little easier to cast, but a little less powerful.


Message History

The quicksilver ooze hits you!
* * * LOW HITPOINT WARNING * * *
The quicksilver ooze engulfs you!
You block the quicksilver ooze's attack.
The azure jelly hits you but does no damage.
The azure jelly hits you!
* * * LOW HITPOINT WARNING * * *
The azure jelly freezes you! You resist.
* * * LOW HITPOINT WARNING * * *
The azure jelly hits you but does no damage.
The azure jelly hits you.
* * * LOW HITPOINT WARNING * * *
The azure jelly hits you.
* * * LOW HITPOINT WARNING * * *
The azure jelly freezes you! You resist.
* * * LOW HITPOINT WARNING * * *
You block the azure jelly's attack. The azure jelly hits you.
* * * LOW HITPOINT WARNING * * *
The azure jelly closely misses you. The rockslime closely misses you.
The azure jelly hits you but does no damage.
You block the azure jelly's attack.
The azure jelly hits you but does no damage. x2
Unknown command.
You cannot read scrolls while unable to breathe!
You fail to use your ability.
* * * LOW HITPOINT WARNING * * *
Your lungs strain for air!
The quicksilver ooze barely misses you.
The quicksilver ooze hits you but does no damage.
The azure jelly hits you but does no damage.
The azure jelly misses you. You block the azure jelly's attack.
The azure jelly closely misses you. You block the azure jelly's attack.
The azure jelly hits you.
* * * LOW HITPOINT WARNING * * *
The azure jelly freezes you! You resist.
The Shining One protects you from harm! You block the azure jelly's attack.
The azure jelly hits you but does no damage.
The rockslime completely misses you. The azure jelly hits you.
You die...

.................................
.................................
.................................
.................................
.................................
.................................
.................................
...............J................#
..............JJ@J.............##
...............JJ..............#
............................###
...........................##
...........................#
..##......................## .
##.......<........######
##............#### ##....#....###


You could see 3 azure jellies, a rockslime and 2 quicksilver oozes.

Vanquished Creatures
  the Royal Jelly (Slime:5)
  An ancient lich (Vaults:5)
  A dread lich (Vaults:5)
  A juggernaut (Depths:2)
  Josephina (Depths:4)
  Bai Suzhen (Vaults:3)
  5 golden dragons
  Nikola (Swamp:3)
  Jory (Vaults:5)
  A bone dragon (Abyss:2)
  Rupert (Lair:4)
  Jorgrun (Spider:3)
  7 tentacled monstrosities (Vaults:5)
  6 liches
  2 titans (Vaults:5)
  16 acid blobs
  5 deep elf blademasters
  A walking earthen tome (Depths:2)
  2 deep elf master archers (Elf:3)
  2 ancient champions
  3 quicksilver dragons (Vaults:5)
  4 sphinxes
  A tentacled starspawn (Abyss:2)
  Kirke (D:12)
  Agnes (Spider:3)
  2 thorn hunters
  11 tengu reavers
  A draconian monk (Depths:4)
  3 shadow dragons
  4 storm dragons
  Donald (Vaults:3)
  A daeva (Abyss:2)
  4 fire giants
  10 azure jellies
  18 rockslimes
  3 deep elf sorcerers
  A draconian knight (Depths:4)
  8 emperor scorpions
  A balrug (Depths:3)
  5 frost giants
  15 vault wardens
  A ghoul (Vaults:2)
  3 ghost moths
  4 iron dragons
  A cacodemon (Abyss:2)
  4 deep elf elementalists (Elf:3)
  17 ironbound preservers
  A draconian stormcaller (Depths:4)
  2 broodmothers (Spider:2)
  An orc warlord (Vaults:3)
  2 war gargoyles
  16 quicksilver oozes
  8 ironbound thunderhulks
  A quicksilver ooze (shapeshifter) (Vaults:5)
  27 very ugly things
  The ghost of Cunint the Bludgeoner, a journeyman MiBe of Trog (D:13)
  18 stone giants
  A black draconian (Depths:4)
  5 deep elf annihilators (Elf:3)
  3 green draconians
  7 deep elf demonologists
  5 eleionomae
  A vampire knight (Depths:4)
  A minotaur (Gauntlet)
  6 bunyips
  13 dire elephants
  A white draconian (Depths:4)
  2 blizzard demons
  A green death (Depths:2)
  A crystal guardian (Vaults:4)
  9 ettins
  2 deep elf death magi
  A shambling mangrove (Swamp:4)
  7 fire dragons
  10 great orbs of eyes
  A merfolk impaler (Depths:1)
  5 entropy weavers
  15 yaktaur captains
  5 deep elf high priests
  8 hydras
  30 vault guards
  2 hell beasts (Depths:1)
  A rakshasa (Depths:2)
  A spriggan air mage (Depths:2)
  5 ogre magi
  A peacekeeper (Vaults:4)
  13 ice dragons
  2 caustic shrike simulacra
  3 ghost crabs
  A juggernaut simulacrum (Depths:4)
  6 boulder beetles
  8 ironbound frosthearts
  5 alligators
  5 jorogumos
  11 centaur warriors
  26 dancing weapons
  6 two-headed ogres
  2 radroaches (Spider:2)
  3 catoblepae
  3 tengu warriors
  4 deep troll earth magi
  4 deep troll shamans
  A hell hog (Depths:1)
  An orc high priest (Orc:2)
  3 spriggan berserkers
  10 deep elf knights
  A thrashing horror (Abyss:2)
  A wretched star (Abyss:2)
  17 hell knights
  A soul eater (Depths:1)
  A skyshark (Lair:4)
  A fire crab (shapeshifter) (Vaults:5)
  2 sixfirhies (Abyss:2)
  A sun moth (Spider:2)
  A skeletal warrior (Vaults:2)
  3 glowing orange brains
  6 iron trolls
  3 pharaoh ants
  A deep troll (shapeshifter) (Vaults:5)
  5 goliath frogs
  5 swamp dragons
  A glowing orange brain (shapeshifter) (Depths:4)
  41 deep trolls
  2 spriggan druids
  A flayed ghost (Depths:4)
  3 bog bodies
  10 spriggan simulacra
  8 wizards
  4 orb spiders
  3 steelbarb worms
  An anaconda skeleton (Abyss:2)
  4 deep elf archers
  5 lindwurms
  Pikel (D:5)
  10 harpies
  23 ironbound convokers
  7 orc knights
  An obsidian statue (IceCv)
  2 orange crystal statues
  12 deep elf zephyrmancers
  3 necromancers
  6 phantasmal warriors (Vaults:5)
  40 ugly things
  6 orc sorcerers
  20 deep elf pyromancers
  12 wolf spiders
  A mana viper (shapeshifter) (Depths:2)
  An oklob plant (Lair:5)
  5 cyclopes
  A moth of wrath (shapeshifter) (Vaults:1)
  5 moths of wrath
  4 manticores
  A worldbinder (Abyss:2)
  2 cyclopes (shapeshifter)
  11 elephants
  3 shining eyes
  A black mamba (shapeshifter) (D:13)
  2 black mambas
  2 rust devils
  3 eyes of devastation
  10 vault sentinels
  An orange demon (Depths:2)
  4 smoke demons
  3 torpor snails
  A gargoyle (D:14)
  19 cane toads
  4 unseen horrors
  8 demonic crawlers
  28 yaktaurs
  9 ice devils
  12 komodo dragons
  2 rime drakes (Lair:3)
  2 efreet
  6 tengu conjurers
  10 freezing wraiths
  A golden dragon simulacrum (IceCv)
  3 anaconda simulacra (IceCv)
  A red devil (Depths:3)
  A queen bee (shapeshifter) (D:15)
  9 trolls
  2 polar bears (Lair:3)
  12 meliai
  Prince Ribbit (D:6)
  2 hellwings
  8 tyrant leeches
  7 hornets
  14 tarantellas
  11 blink frogs
  A sphinx simulacrum (Depths:4)
  8 dream sheep
  110 slime creatures
  4 small abominations (Abyss:2)
  Sigmund (D:3)
  A shadow (D:11)
  12 water elementals
  6 wyverns
  18 jumping spiders
  11 culicivoras
  A yak (shapeshifter) (Elf:3)
  5 spriggans
  2 wraiths (D:11)
  A basilisk (shapeshifter) (Depths:2)
  16 yaks
  A culicivora (shapeshifter) (Elf:1)
  A fire bat (shapeshifter) (Vaults:5)
  3 ynoxinuls
  An air elemental (Elf:2)
  A wyvern (shapeshifter) (Depths:2)
  5 hogs (D:12)
  Grum (D:9)
  A dire elephant simulacrum (IceCv)
  Eustachio (D:5)
  3 basilisks
  3 fire elementals
  2 golden eyes (shapeshifter) (Elf:2)
  8 humans (D:14)
  3 steam dragons
  2 chaos spawn (Depths:3)
  49 redbacks
  21 golden eyes
  3 neqoxecs
  11 vampire mosquitoes
  3 wargs
  Menkaure (D:4)
  17 swamp worms
  8 minotaur simulacra (IceCv)
  6 swamp worm simulacra (Swamp:4)
  A harpy simulacrum (IceCv)
  A warg (shapeshifter) (Elf:3)
  Duvessa (D:6)
  The ghost of NateTC the Digger, an amateur GrEE (D:3)
  3 large abominations (Abyss:2)
  An acid dragon (D:8)
  4 floating eyes
  3 hydra simulacra
  13 water moccasins
  2 hell hounds (Gauntlet)
  10 swamp drakes
  2 hornet zombies (Ossuary)
  3 alligator simulacra (IceCv)
  3 sky beasts
  An ice beast (D:6)
  17 orc warriors
  A black bear (D:5)
  An ettin simulacrum (IceCv)
  23 wolves
  3 boggarts (Vaults:1)
  3 centaurs
  10 ogres
  2 kobold brigands
  Blork the orc (D:6)
  14 bullfrogs
  2 gnoll sergeants
  5 deep troll simulacra (IceCv)
  4 earth elementals
  5 scorpions
  2 wyvern zombies (Ossuary)
  11 wights
  Dowan (D:6)
  4 killer bees
  12 electric eels
  A howler monkey (D:8)
  3 bullfrog zombies (Ossuary)
  3 centaur zombies (Ossuary)
  5 hounds
  4 lava snakes (Lair:4)
  A quasit (Abyss:2)
  2 jellies
  2 gnoll boudas
  15 orc priests
  13 starcursed masses
  An iron imp (Abyss:2)
  2 sleepcaps
  20 orc wizards
  2 iguanas (D:7)
  Ijyb (D:5)
  11 hell rats (Lair:2)
  2 killer bee zombies (Ossuary)
  15 mummies
  A howler monkey zombie (Ossuary)
  12 gnolls
  7 adders
  4 shadow imps
  3 white imps
  2 swamp drake simulacra (Swamp:4)
  2 ufetubi
  7 worms
  49 orcs
  3 bats
  6 endoplasms
  3 giant cockroaches
  A goblin (D:2)
  5 hobgoblins
  3 quokkas
  6 ball pythons
  2 frilled lizards
  18 kobolds
  6 rats
  A starspawn tentacle (Abyss:2)
1803 creatures vanquished.

Vanquished Creatures (collateral kills)
  2 ancient liches (Vaults:5)
  Xtahua (Vaults:3)
  A deep elf blademaster (Elf:3)
  3 acid blobs (Slime:5)
  An azure jelly (Swamp:4)
  A storm dragon (Vaults:5)
  A rockslime (Slime:5)
  2 deep elf sorcerers (Elf:3)
  2 ghost moths (Spider:2)
  A vault warden (Vaults:2)
  An emperor scorpion (Spider:4)
  2 ironbound preservers
  2 orc warlords
  A deep elf elementalist (Elf:3)
  2 broodmothers
  An ironbound thunderhulk (Vaults:3)
  The ghost of Fyreb the Severer, a journeyman MiBe of Trog (Orc:2)
  A very ugly thing (Depths:2)
  A dire elephant (Vaults:2)
  The ghost of Ybuibof the Markself, a journeyman DEHu of Hepliaklqana (Orc:2)
  2 deep elf demonologists (Elf:3)
  A purple draconian (Depths:4)
  3 deep elf annihilators (Elf:3)
  A blizzard demon (IceCv)
  2 deep elf death magi
  A great orb of eyes (Vaults:1)
  5 entropy weavers
  A yaktaur captain (Vaults:3)
  5 deep elf high priests
  The ghost of LobsterGuardian the Reanimator, a journeyman HONe of Sif Muna (Orc:2)
  An ice dragon (Elf:1)
  A radroach (Spider:2)
  4 vault guards
  A centaur warrior (Vaults:1)
  A jorogumo (Spider:2)
  An ogre mage (Vaults:5)
  3 boulder beetles
  A spriggan air mage (Depths:4)
  A death scarab (Spider:4)
  A death knight (Vaults:2)
  A deep troll earth mage (Depths:2)
  A vampire mage (Vaults:2)
  2 orc high priests (Orc:2)
  A hell knight (Depths:2)
  A skyshark (Lair:5)
  2 pharaoh ants
  9 deep trolls
  4 orb spiders
  An ironbound convoker (Vaults:1)
  A wizard (Vaults:1)
  A spriggan simulacrum (IceCv)
  3 lindwurms (Vaults:1)
  4 steelbarb worms
  3 harpies (Vaults:1)
  A deep elf pyromancer (Elf:3)
  An orc sorcerer (Orc:2)
  2 necromancers (Depths:2)
  An oklob plant (Lair:5)
  4 wolf spiders
  3 ugly things
  5 shining eyes
  A manticore (D:14)
  3 demonic crawlers
  A cane toad (Lair:5)
  2 vault sentinels (Vaults:3)
  3 torpor snails
  A yaktaur (shapeshifter) (Vaults:5)
  2 ice devils (IceCv)
  5 yaktaurs
  A troll (D:14)
  3 meliai (Spider:4)
  3 blink frogs (Lair:5)
  4 tarantellas
  4 jumping spiders
  A slime creature (Slime:5)
  10 culicivoras
  12 redbacks
  2 vampire mosquitoes (Lair:5)
  14 hydra simulacra (Swamp:4)
  A hell hound (Spider:4)
  3 orc warriors
  2 boggarts (Vaults:1)
  An orc priest (Orc:2)
  An orc wizard (Elf:1)
  An orc (Orc:2)
197 creatures vanquished.

Vanquished Creatures (others)
  2 alligators (Swamp:4)
  A goliath frog (Swamp:4)
  A spriggan druid (Swamp:3)
  A deep elf pyromancer (Elf:1)
  3 hornets (Swamp:4)
  2 bloated husks (Swamp:2)
  A sphinx simulacrum (Depths:4)
  A human (D:14)
  3 spriggans (Swamp:4)
  A swamp worm (Swamp:3)
  An ogre (D:5)
  An orc wizard (D:4)
  2 orcs (Elf:1)
  68 fungi
  141 plants
  A starspawn tentacle (Abyss:2)
  28 withered plants
258 creatures vanquished.

Grand Total: 2258 creatures vanquished

Notes
Turn   | Place    | Note
-------+----------+-------------------------------------------
     0 | D:1      | mandoloar the Hill Orc Fighter began the quest for the Orb.
     0 | D:1      | Reached XP level 1. HP: 19/19 MP: 1/1
   257 | D:1      | Reached skill level 3 in Axes
   338 | D:1      | Reached XP level 2. HP: 27/27 MP: 2/2
   954 | D:2      | Reached XP level 3. HP: 30/34 MP: 3/3
  1068 | D:2      | Reached skill level 4 in Axes
  1253 | D:2      | Reached XP level 4. HP: 34/41 MP: 4/4
  1790 | D:3      | Reached skill level 5 in Fighting
  1792 | D:3      | Noticed Sigmund
  2368 | D:3      | HP: 1/42 [Sigmund/+2 scythe of holy wrath (9)]
  2370 | D:3      | Killed Sigmund
  2371 | D:3      | Reached skill level 6 in Axes
  2371 | D:3      | Reached XP level 5. HP: 3/50 MP: 5/5
  2371 | D:3      | Reached XP level 6. HP: 3/57 MP: 6/6
  3285 | D:3      | Found a transporter.
  3285 | D:3      | Identified the +11 dire flail of the Quick God {heavy,
                  | rElec}
  3285 | D:3      | Noticed NateTC's ghost (amateur GrEE)
  3286 | D:3      | Found a transporter.
  3831 | D:4      | Noticed Menkaure
  3836 | D:4      | Killed Menkaure
  4121 | D:4      | Reached skill level 7 in Axes
  4121 | D:4      | Reached XP level 7. HP: 54/64 MP: 7/7
  4816 | D:4      | Got the Compilation of the Guardian
  4965 | D:5      | Entered Level 5 of the Dungeon
  5433 | D:5      | Reached skill level 8 in Axes
  5548 | D:5      | Noticed Eustachio
  5565 | D:5      | Killed Eustachio
  5566 | D:5      | Reached XP level 8. HP: 65/74 MP: 8/8
  5724 | D:5      | Noticed Ijyb
  5732 | D:5      | Killed Ijyb
  6306 | D:5      | Found a staircase to the Ecumenical Temple.
  6315 | Temple   | Entered the Ecumenical Temple
  6315 | Temple   | Found a transporter.
  6315 | Temple   | Found a transporter.
  6317 | Temple   | Found a transporter.
  6317 | Temple   | Found a transporter.
  6331 | Temple   | Became a worshipper of the Shining One
  6429 | D:5      | Noticed Pikel
  6444 | D:5      | Killed Pikel
  6445 | D:5      | Reached skill level 9 in Axes
  6526 | D:5      | Reached skill level 10 in Axes
  6550 | D:5      | Found a basalt altar of Yredelemnul.
  6918 | D:6      | Noticed Blork the orc
  7093 | D:6      | Reached skill level 10 in Fighting
  7105 | D:6      | Reached XP level 9. HP: 81/85 MP: 9/9
  7191 | D:6      | Found Tirewoll's Antique Weapon Shoppe.
  7198 | D:6      | Reached skill level 11 in Axes
  7500 | D:6      | Noticed Duvessa
  7508 | D:6      | Noticed Dowan
  7513 | D:6      | Killed Duvessa
  7521 | D:6      | Killed Dowan
  7897 | D:6      | Reached skill level 12 in Axes
  7989 | D:6      | Noticed Prince Ribbit
  8004 | D:6      | Killed Prince Ribbit
  8036 | D:6      | Killed Blork the orc
  8170 | D:7      | Reached XP level 10. HP: 74/97 MP: 10/10
  8175 | D:7      | Reached * piety under the Shining One
  8303 | D:7      | Paralysed by a hornet for 1 turns
  8308 | D:7      | Reached skill level 1 in Invocations
  8327 | D:7      | Reached skill level 13 in Axes
  8401 | D:7      | Identified the +1 robe of Duty {Slay+5}
  8709 | D:7      | Found Niany's Jewellery Shoppe.
  9722 | D:8      | Found a shimmering blue altar of Sif Muna.
  9748 | D:8      | Found a sand-covered staircase.
  9755 | Ossuary  | Entered an ossuary
  9813 | Ossuary  | Reached ** piety under the Shining One
  9983 | Ossuary  | Reached *** piety under the Shining One
 10539 | D:8      | Reached **** piety under the Shining One
 10747 | D:8      | Identified the +1 pair of boots of Dice, Bag, and Bottle
                  | {Harm Str+5 Int-5 Dex+3}
 11084 | D:8      | Reached skill level 5 in Armour
 11086 | D:8      | Reached skill level 5 in Shields
 11100 | D:8      | Found a staircase to the Lair.
 11178 | D:8      | Found a blossoming altar of Fedhas.
 11217 | D:8      | Reached XP level 11. HP: 105/106 MP: 14/14
 11226 | D:8      | Reached skill level 5 in Invocations
 11656 | D:9      | Reached skill level 14 in Axes
 12353 | D:9      | Found a sparkling altar of Nemelex Xobeh.
 12708 | D:9      | Noticed Grum
 12730 | D:9      | Killed Grum
 13100 | D:10     | Entered Level 10 of the Dungeon
 13705 | D:10     | Found a burning altar of Makhleb.
 13844 | D:10     | Noticed a two-headed ogre
 13850 | D:10     | Killed a two-headed ogre
 14096 | Lair:1   | Entered Level 1 of the Lair of Beasts
 14143 | Lair:1   | Found a gate leading to a gauntlet.
 14152 | Gauntlet | Entered a Gauntlet
 14152 | Gauntlet | Found a transporter.
 14161 | Gauntlet | Found a transporter.
 14161 | Gauntlet | Reached ***** piety under the Shining One
 14162 | Gauntlet | Found a transporter.
 14163 | Gauntlet | Found a transporter.
 14166 | Gauntlet | Found a transporter.
 14167 | Gauntlet | Found a transporter.
 14169 | Gauntlet | Noticed a hell beast
 14175 | Gauntlet | Noticed an orange crystal statue
 14176 | Gauntlet | Found a transporter.
 14179 | Gauntlet | Found a transporter.
 14194 | Gauntlet | Noticed a reaper
 14197 | Gauntlet | Found a transporter.
 14207 | Gauntlet | Found a transporter.
 14207 | Gauntlet | Found a transporter.
 14237 | Gauntlet | Found a runed translucent door.
 14239 | Gauntlet | Found a runed translucent door.
 14243 | Gauntlet | Found a transporter.
 14259 | Gauntlet | Noticed a green death
 14581 | Gauntlet | Identified the +0 cloak of the Invisible Realms {rN+ Dex-5
                  | Stlth+}
 14799 | Gauntlet | Killed an orange crystal statue
 14802 | Gauntlet | Identified the -1 helmet of Objectivity {rC++ rCorr Int+3}
 14825 | Gauntlet | Noticed a minotaur
 14834 | Gauntlet | Killed a minotaur
 14991 | Lair:1   | Reached XP level 12. HP: 88/116 MP: 17/17
 15220 | Lair:1   | Noticed a catoblepas
 15510 | Lair:1   | Killed a catoblepas
 15511 | Lair:1   | Reached skill level 15 in Axes
 17303 | Lair:2   | Found a staircase to the Swamp.
 17493 | Lair:3   | Identified the +1 plate armour "Inwosog" {Regen+ rCorr}
 17503 | Lair:3   | Reached XP level 13. HP: 93/125 MP: 20/20
 17818 | Lair:3   | Reached skill level 1 in Throwing
 17845 | Lair:3   | Reached skill level 1 in Dodging
 18063 | Lair:3   | Found a hole to the Spider Nest.
 18080 | Lair:3   | Reached skill level 15 in Fighting
 18115 | Lair:3   | Reached skill level 10 in Invocations
 18118 | Lair:3   | Reached skill level 16 in Axes
 18186 | Lair:3   | Reached ****** piety under the Shining One
 18959 | Lair:4   | Reached skill level 1 in Evocations
 19031 | Lair:4   | Noticed Rupert
 19078 | Lair:4   | Killed Rupert
 19906 | Lair:5   | Entered Level 5 of the Lair of Beasts
 19949 | Lair:5   | Found a staircase to the Slime Pits.
 20245 | Lair:5   | Reached XP level 14. HP: 62/135 MP: 14/22
 20358 | Lair:5   | Reached skill level 10 in Shields
 20426 | Lair:5   | Reached skill level 10 in Armour
 20748 | Lair:5   | Found a viscous altar of Jiyva.
 21591 | D:11     | Found a staircase to the Orcish Mines.
 21781 | D:12     | Noticed Kirke
 22354 | D:12     | Killed Kirke
 22390 | D:12     | Identified the +11 war axe of Pestilence {flame, rPois rC-
                  | rN++ Str+3}
 22725 | D:13     | Reached skill level 17 in Axes
 22782 | D:13     | Found a large runed translucent door.
 22782 | D:13     | Found a large runed translucent door.
 22794 | D:13     | Noticed Cunint's ghost (journeyman MiBe)
 22802 | D:13     | Killed Cunint's ghost
 23296 | D:14     | Found Pyebrao's General Store.
 23494 | D:14     | Reached skill level 5 in Throwing
 23813 | D:14     | Reached XP level 15. HP: 127/144 MP: 22/24
 24313 | D:14     | Identified a scroll of acquirement
 24323 | D:14     | Acquired 701 gold pieces
 24535 | D:14     | Reached skill level 5 in Dodging
 24687 | D:14     | Found a gate to the Vaults.
 24735 | D:15     | Entered Level 15 of the Dungeon
 25341 | D:15     | Found a staircase to the Depths.
 26068 | Orc:1    | Entered Level 1 of the Orcish Mines
 26560 | Orc:2    | Entered Level 2 of the Orcish Mines
 26675 | Orc:2    | Found a runed translucent gate.
 26675 | Orc:2    | Found a runed translucent gate.
 26675 | Orc:2    | Found a runed translucent gate.
 26676 | Orc:2    | Noticed Fyreb's ghost (journeyman MiBe)
 26676 | Orc:2    | Noticed Ybuibof's ghost (journeyman DEHu)
 26676 | Orc:2    | Noticed LobsterGuardian's ghost (journeyman HONe)
 26736 | Orc:2    | Noticed an orc warlord
 26751 | Orc:2    | Killed an orc warlord
 26864 | Orc:2    | Paralysed by an orc sorcerer for 2 turns
 26870 | Orc:2    | Reached XP level 16. HP: 107/154 MP: 25/25
 26871 | Orc:2    | Lost intelligence.
 26877 | Orc:2    | Reached skill level 18 in Axes
 27811 | Orc:2    | Found Jyil's Weapon Shop.
 27811 | Orc:2    | Found Kosos's Antique Armour Shoppe.
 27813 | Orc:2    | Found Ixotooli's Armour Shop.
 27813 | Orc:2    | Found Wemilew's Weapon Shoppe.
 28153 | Orc:2    | Bought jewelled storm dragon scales for 2720 gold pieces
 28153 | Orc:2    | Identified the +5 storm dragon scales "Hirobes" {+Blink
                  | rElec rF+} (You bought it in a shop on level 2 of the
                  | Orcish Mines)
 28168 | Orc:2    | Bought a +3 broad axe of flaming for 266 gold pieces
 28308 | Orc:2    | Found a staircase to the Elven Halls.
 28411 | Orc:2    | Killed Ybuibof's ghost
 28413 | Orc:2    | Killed LobsterGuardian's ghost
 28416 | Orc:2    | Killed Fyreb's ghost
 29050 | Swamp:1  | Entered Level 1 of the Swamp
 29828 | D:7      | Bought a ring of poison resistance for 220 gold pieces
 31504 | Swamp:2  | Noticed a thorn hunter
 31513 | Swamp:2  | Killed a thorn hunter
 32188 | Swamp:3  | Noticed Nikola
 32210 | Swamp:3  | Killed Nikola
 32942 | Swamp:4  | Entered Level 4 of the Swamp
 32988 | Swamp:4  | Noticed a thorn hunter
 33003 | Swamp:3  | Killed a thorn hunter
 33828 | Swamp:4  | Identified the +5 scale mail of Wrong Decisions {Fly Dex+4}
 33914 | Swamp:4  | Reached XP level 17. HP: 137/162 MP: 27/27
 35907 | Swamp:4  | Got a decaying rune of Zot
 36236 | Spider:1 | Entered Level 1 of the Spider Nest
 36700 | Spider:1 | Reached skill level 19 in Axes
 37267 | Spider:2 | Found a transporter.
 37267 | Spider:2 | Found a transporter.
 38141 | Spider:2 | Reached skill level 15 in Invocations
 38384 | Spider:2 | Identified the +0 pair of gloves "Dimiadal" {rF+ Str-5
                  | Dex+5 Slay+2}
 38390 | Spider:2 | Identified the amulet of Xom's Esteem {Acrobat Str+5 Int-3
                  | Slay+5}
 38711 | D:3      | Killed NateTC's ghost
 39044 | Spider:3 | Found a frozen archway.
 39053 | IceCv    | Entered an ice cave
 39354 | IceCv    | Reached XP level 18. HP: 165/172 MP: 29/29
 39574 | IceCv    | Identified the +1 pair of gloves of Classification {rF+
                  | Dex+4}
 40246 | IceCv    | Acquired a +1 tower shield of reflection
 41185 | Lair:1   | Acquired the amulet "Luiluose" {Reflect rPois Will+ Int+3
                  | SH+5}
 41379 | Spider:3 | Noticed Jorgrun
 41392 | Spider:3 | Killed Jorgrun
 41659 | Spider:3 | Noticed Agnes
 41666 | Spider:3 | Killed Agnes
 42248 | Spider:4 | Entered Level 4 of the Spider Nest
 42932 | Spider:4 | Reached skill level 20 in Axes
 43122 | Spider:4 | Reached XP level 19. HP: 120/181 MP: 31/31
 43307 | Spider:4 | Identified the +2 hat "Azuir" {rPois Will- Str+7 Int-5}
 43313 | Spider:4 | Got a gossamer rune of Zot
 43323 | Spider:4 | Identified the +3 pair of boots of the Poles {+Blink rElec
                  | Int-4 Dex+5}
 43337 | Spider:4 | Identified the +0 pair of gloves of Inaction {rN+ Regen+
                  | Str-3}
 43778 | Vaults:1 | Entered Level 1 of the Vaults
 44080 | Vaults:1 | Found Plog's Armour Shop.
 44191 | Vaults:1 | Found Rydazoco's Magic Scroll Shoppe.
 44202 | Vaults:1 | Bought a scroll of blinking for 127 gold pieces
 44202 | Vaults:1 | Bought a scroll of blinking for 127 gold pieces
 44211 | Vaults:1 | Reached skill level 10 in Throwing
 44780 | Vaults:1 | Identified the +1 leather armour of Beogh's Reproof
                  | {Rampage rElec Regen+ Dex-4}
 45416 | Vaults:2 | Reached skill level 15 in Armour
 45426 | Vaults:2 | Reached skill level 15 in Shields
 45800 | Vaults:2 | Found Usuo's Book Boutique.
 46008 | Vaults:2 | Got the Verses on Refrigeration and Unhallowed Words
 46022 | Vaults:2 | Got Galust's Omnibus of the Zephyr
 46181 | Vaults:2 | Found a staircase to the Crypt.
 46210 | Vaults:2 | Reached XP level 20. HP: 192/192 MP: 30/32
 46232 | Vaults:2 | Reached skill level 21 in Axes
 46689 | Crypt:1  | Entered Level 1 of the Crypt
 46762 | Vaults:3 | Reached skill level 10 in Dodging
 46981 | Vaults:3 | Noticed Donald
 46989 | Vaults:3 | Killed Donald
 48049 | Vaults:3 | Noticed Xtahua
 48069 | Vaults:3 | Killed Xtahua
 48525 | Vaults:3 | Reached XP level 21. HP: 202/202 MP: 33/33
 48762 | Vaults:3 | Noticed Bai Suzhen
 48776 | Vaults:3 | Killed Bai Suzhen
 49014 | Vaults:3 | Found Niqi's Assorted Antiques.
 49020 | Vaults:3 | Bought a potion of heal wounds for 145 gold pieces
 49369 | Vaults:4 | Reached XP level 22. HP: 166/211 MP: 34/34
 49665 | Vaults:4 | Found a runed translucent door.
 49844 | Vaults:4 | Identified the +5 battleaxe of the Enfolding Gods {freeze,
                  | rPois Will- Str+5}
 50944 | Vaults:4 | Identified the +6 spear of Cudiwoeb {elec, rElec}
 50945 | Vaults:4 | Identified the staff of fire "Ewozum" {Fly rF+}
 51356 | Elf:1    | Entered Level 1 of the Elven Halls
 51372 | Elf:1    | Got the Secrets of Cursed Glaciation
 51629 | Elf:1    | Reached skill level 22 in Axes
 51885 | Elf:1    | Found Kareit's Book Shop.
 52104 | Abyss:2  | Cast into level 2 of the Abyss (a deep elf demonologist)
 52510 | Abyss:2  | Paralysed by accursed screaming for 2 turns
 52513 | Abyss:2  | Paralysed by accursed screaming for 2 turns
 52526 | Elf:1    | Escaped the Abyss
 52561 | Elf:1    | Identified the +0 tower shield of Midnight {Will+ Stlth+}
 52995 | Elf:1    | Identified the +0 dire flail of Impeachment {drain, rElec
                  | Int+3}
 53004 | Elf:1    | Found a runed translucent gate.
 53004 | Elf:1    | Found a runed translucent gate.
 53004 | Elf:1    | Found a runed translucent gate.
 53004 | Elf:1    | Found a runed translucent gate.
 53004 | Elf:1    | Found a runed translucent gate.
 53032 | Elf:1    | Found a runed translucent gate.
 53578 | Elf:2    | Found a runed translucent gate.
 53578 | Elf:2    | Found a runed translucent gate.
 53589 | Elf:2    | Found a runed translucent gate.
 54993 | Elf:3    | Entered Level 3 of the Elven Halls
 55406 | Elf:2    | Found a shimmering blue altar of Sif Muna.
 55424 | Elf:3    | Found a shimmering blue altar of Sif Muna.
 55631 | Elf:3    | Found a huge runed translucent gate.
 55631 | Elf:3    | Found a huge runed translucent gate.
 55631 | Elf:3    | Found a huge runed translucent gate.
 55631 | Elf:3    | Found a huge runed translucent gate.
 55633 | Elf:3    | Found a huge runed translucent gate.
 55648 | Elf:3    | Found a huge runed translucent gate.
 55648 | Elf:3    | Found a huge runed translucent gate.
 55649 | Elf:3    | Identified the +2 double sword "Tial" {venom, rF+ Int+8
                  | Dex-3}
 55650 | Elf:3    | Found a huge runed translucent gate.
 55734 | Elf:3    | Reached XP level 23. HP: 188/220 MP: 35/35
 56341 | Elf:3    | Identified the amulet of Day {Rampage Regen+ SInv Stlth+}
 56488 | Elf:3    | Identified the +3 rapier of Flawed Execution {drain, *Noise
                  | Will+++ Str-4 Int+2}
 56892 | Elf:3    | Got the Papyrus of Niveous Death
 56923 | Elf:3    | Identified the +6 sling of Bloodstone {drain, rF- Will+
                  | Int+5}
 57664 | Depths:1 | Entered Level 1 of the Depths
 57666 | Depths:1 | Found a one-way gateway to a ziggurat.
 58048 | Depths:1 | Found a one-way gate leading to the halls of Pandemonium.
 58124 | Depths:1 | Found a gateway to Hell.
 58132 | Depths:1 | Reached skill level 23 in Axes
 58235 | Depths:1 | Found an ornate altar of the Wu Jian Council.
 58709 | Depths:2 | Noticed a golden dragon
 58719 | Depths:2 | Killed a golden dragon
 59120 | Depths:2 | Noticed a golden dragon
 59133 | Depths:2 | Killed a golden dragon
 59567 | Depths:2 | Noticed a juggernaut
 59579 | Depths:2 | Killed a juggernaut
 59580 | Depths:2 | Reached XP level 24. HP: 231/231 MP: 35/35
 61251 | Lair:1   | Acquired the ring of Twilight {rC+ Str+3}
 61253 | Lair:1   | Acquired 708 gold pieces
 61255 | Lair:1   | Acquired 1273 gold pieces
 61694 | Depths:3 | Identified the +5 short sword "Murmur" {flame, *Noise rN++}
 61841 | Depths:3 | Identified the +11 dagger "Vazy" {heavy, rN+}
 61860 | Depths:3 | Gained mutation: You have hidden genetic defects. [a
                  | neqoxec]
 62060 | Depths:3 | Found an opulent altar of Gozag.
 62131 | Depths:3 | Found a one-way gate to the infinite horrors of the Abyss.
 62592 | Depths:4 | Entered Level 4 of the Depths
 62808 | Depths:4 | Identified the staff of cold "Giworr" {rF+ rC+ Int+3}
 62808 | Depths:4 | Identified the ring "Bimmeruj" {Ice rN+}
 62808 | Depths:4 | Noticed Josephina
 62816 | Depths:4 | Killed Josephina
 62987 | Depths:4 | Gained mutation: You occasionally lose the ability to drink
                  | potions when taking damage. [hidden defects]
 63230 | Depths:4 | Found a gate to the Realm of Zot.
 63445 | Depths:4 | Found a transporter.
 63446 | Depths:4 | Found Itav's Magic Scroll Boutique.
 63492 | Depths:4 | Lost mutation: You occasionally lose the ability to drink
                  | potions when taking damage. [potion of mutation]
 63492 | Depths:4 | Lost mutation: You have hidden genetic defects. [potion of
                  | mutation]
 63492 | Depths:4 | Gained mutation: You are frail. (-10% HP) [potion of
                  | mutation]
 63492 | Depths:4 | Gained mutation: Your muscles are strong. (Str +4, Int/Dex
                  | -1) [potion of mutation]
 63492 | Depths:4 | Gained mutation: Your natural rate of healing is unusually
                  | fast. [potion of mutation]
 63574 | Depths:4 | Lost mutation: Your natural rate of healing is unusually
                  | fast. [potion of mutation]
 63574 | Depths:4 | Lost mutation: You are frail. (-10% HP) [potion of
                  | mutation]
 63574 | Depths:4 | Lost mutation: Your muscles are strong. (Str +4, Int/Dex
                  | -1) [potion of mutation]
 63574 | Depths:4 | Gained mutation: You are partially covered in iridescent
                  | scales. (AC +2) [potion of mutation]
 63574 | Depths:4 | Gained mutation: You have a pair of small horns on your
                  | head. [potion of mutation]
 63574 | Depths:4 | Gained mutation: Your body sometimes deteriorates upon
                  | taking damage. [potion of mutation]
 63574 | Depths:4 | Gained mutation: You are covered in fur. (AC +1) [potion of
                  | mutation]
 63616 | Depths:4 | Lost mutation: You are covered in fur. (AC +1) [potion of
                  | mutation]
 63616 | Depths:4 | Lost mutation: You are partially covered in iridescent
                  | scales. (AC +2) [potion of mutation]
 63616 | Depths:4 | Gained mutation: You possess an exceptional clarity of
                  | mind. [potion of mutation]
 63616 | Depths:4 | Gained mutation: You are weak. (Str -2) [potion of
                  | mutation]
 63616 | Depths:4 | Gained mutation: You are covered in fur. (AC +1) [potion of
                  | mutation]
 63717 | Depths:4 | Lost mutation: You possess an exceptional clarity of mind.
                  | [potion of mutation]
 63717 | Depths:4 | Lost mutation: You have a pair of small horns on your head.
                  | [potion of mutation]
 63717 | Depths:4 | Lost mutation: Your body sometimes deteriorates upon taking
                  | damage. [potion of mutation]
 63717 | Depths:4 | Gained mutation: You are robust. (+10% HP) [potion of
                  | mutation]
 63717 | Depths:4 | Lost mutation: You are covered in fur. (AC +1) [potion of
                  | mutation]
 63717 | Depths:4 | Gained mutation: Your flesh is cold resistant. (rC+)
                  | [potion of mutation]
 63717 | Depths:4 | Gained mutation: Your flesh is heat resistant. (rF+)
                  | [potion of mutation]
 63762 | Depths:4 | Found Noidull's Jewellery Shoppe.
 63762 | Depths:4 | Found Papelum's Jewellery Emporium.
 64002 | Depths:4 | Found Vais's Weapon Shop.
 64010 | Depths:4 | Found a transporter.
 64327 | Depths:4 | Bought a scroll of enchant armour for 165 gold pieces
 64327 | Depths:4 | Bought a scroll of brand weapon for 209 gold pieces
 64327 | Depths:4 | Bought a scroll of enchant weapon for 165 gold pieces
 64714 | Vaults:5 | Entered Level 5 of the Vaults
 64714 | Vaults:5 | Noticed an ancient lich
 64717 | Vaults:5 | Noticed a dread lich
 64718 | Vaults:5 | Reached skill level 24 in Axes
 64726 | Vaults:5 | Killed an ancient lich
 64732 | Vaults:5 | Killed a dread lich
 64735 | Vaults:5 | Reached XP level 25. HP: 117/264 MP: 32/35
 65517 | Vaults:5 | Identified the +8 morningstar of the Dark Horse {flame,
                  | rElec rC+ rN+}
 65539 | Vaults:5 | Identified the +0 longbow of Discomfort {antimagic, rC-
                  | Int+5 Dex+6}
 65599 | Vaults:5 | Noticed an ancient lich
 65608 | Vaults:5 | Killed an ancient lich
 65646 | Vaults:5 | Noticed an ancient lich
 65652 | Vaults:5 | Killed an ancient lich
 65714 | Vaults:5 | Identified the staff of poison "Laqac" {rPois Int+4}
 65763 | Vaults:5 | Noticed Jory
 65773 | Vaults:5 | Killed Jory
 66324 | Vaults:5 | Identified the +4 mace of Peuxifug {speed, rC+ rCorr Str+3
                  | Int+4}
 66415 | Vaults:5 | Identified the +1 battleaxe of Ukkop {distort, rCorr}
 66556 | Vaults:5 | Got a silver rune of Zot
 66559 | Vaults:5 | Got the Parchment of Flaming Ouranomancy
 66560 | Vaults:5 | Identified the +0 scale mail of Axecwuit {rPois rF++ rCorr
                  | Int-2}
 67101 | Vaults:5 | Identified the +3 chain mail of the Monkey's Uncle {Contam
                  | rElec rN+ Int+6}
 67102 | Vaults:5 | Identified the staff of cold "Astemp" {rC+ Str+2}
 67266 | Vaults:5 | Got the Folio of Weather
 67269 | Vaults:5 | Found Mirenetae's Weapon Shop.
 67522 | Vaults:5 | Identified the +8 dagger of Hahoppit {freeze, rN+ Str+4
                  | Dex-4}
 67613 | Vaults:5 | Found the +8 longbow "Zephyr" {speed, Dex+3 SInv}
 68468 | Slime:1  | Entered Level 1 of the Pits of Slime
 68678 | Slime:1  | Gained mutation: Your body sometimes deteriorates upon
                  | taking damage. [a shining eye]
 68905 | Slime:2  | Paralysed by a floating eye for 3 turns
 68909 | Slime:2  | Gained mutation: You are occasionally teleported next to
                  | monsters. [a shining eye]
 68910 | Slime:2  | Gained mutation: You sometimes lose your temper in combat.
                  | [a shining eye]
 68914 | Slime:2  | Lost mutation: You are robust. (+10% HP) [a shining eye]
 68915 | Slime:2  | Gained mutation: You are clumsy. (Dex -2) [a shining eye]
 69157 | Slime:2  | Reached skill level 15 in Throwing
 69841 | Slime:3  | Paralysed by a floating eye for 4 turns
 69890 | Slime:3  | Reached skill level 25 in Axes
 70058 | Slime:4  | Reached XP level 26. HP: 251/251 MP: 35/35
 70635 | Slime:4  | Lost mutation: You sometimes lose your temper in combat.
                  | [potion of mutation]
 70635 | Slime:4  | Lost mutation: Your flesh is cold resistant. (rC+) [potion
                  | of mutation]
 70635 | Slime:4  | Gained mutation: You have hidden genetic defects. [potion
                  | of mutation]
 70635 | Slime:4  | Gained mutation: You are very weak. (Str -4) [potion of
                  | mutation]
 70636 | Slime:4  | Lost mutation: Your flesh is heat resistant. (rF+) [potion
                  | of mutation]
 70636 | Slime:4  | Lost mutation: You have hidden genetic defects. [potion of
                  | mutation]
 70636 | Slime:4  | Lost mutation: You are occasionally teleported next to
                  | monsters. [potion of mutation]
 70636 | Slime:4  | Gained mutation: Your mind is acute. (Int +4, Str/Dex -1)
                  | [potion of mutation]
 70636 | Slime:4  | Gained mutation: You have an increased reservoir of magic.
                  | (+10% MP) [potion of mutation]
 70637 | Slime:4  | Lost mutation: You are clumsy. (Dex -2) [potion of
                  | mutation]
 70637 | Slime:4  | Lost mutation: Your mind is acute. (Int +4, Str/Dex -1)
                  | [potion of mutation]
 70637 | Slime:4  | Lost mutation: Your body sometimes deteriorates upon taking
                  | damage. [potion of mutation]
 70637 | Slime:4  | Gained mutation: You are frail. (-10% HP) [potion of
                  | mutation]
 70637 | Slime:4  | Gained mutation: You have sharp toenails. [potion of
                  | mutation]
 70649 | Slime:4  | Lost mutation: You have sharp toenails. [potion of
                  | mutation]
 70649 | Slime:4  | Lost mutation: You have an increased reservoir of magic.
                  | (+10% MP) [potion of mutation]
 70649 | Slime:4  | Lost mutation: You are frail. (-10% HP) [potion of
                  | mutation]
 70649 | Slime:4  | Gained mutation: Your system is resistant to poisons.
                  | (rPois) [potion of mutation]
 70649 | Slime:4  | Gained mutation: You are somewhat resistant to further
                  | mutation. [potion of mutation]
 70651 | Slime:5  | Entered Level 5 of the Pits of Slime
 70685 | Slime:5  | Gained mutation: Your spells are a little easier to cast,
                  | but a little less powerful. [a shining eye]
 70696 | Slime:5  | Gained mutation: Potions are less effective at restoring
                  | your health. [a shining eye]
 70703 | Slime:5  | Paralysed by a floating eye for 4 turns
 70766 | Slime:5  | Noticed the Royal Jelly
 71006 | Slime:5  | Paralysed by a floating eye for 2 turns
 71011 | Slime:5  | Paralysed by a floating eye for 3 turns
 71364 | Slime:5  | Found a viscous altar of Jiyva.
 71678 | Slime:5  | HP: 10/251 [acid blob/splash of acid[the Royal Jelly] (21)]
 71806 | Slime:5  | Paralysed by a floating eye for 3 turns
 72376 | Slime:5  | Killed the Royal Jelly
 72380 | Slime:5  | HP: 8/253 [drowned by a quicksilver ooze[the Royal Jelly]
                  | (6)]
 72380 | Slime:5  | HP: 3/253 [azure jelly[the Royal Jelly] (6)]
 72380 | Slime:5  | The Shining One protects you from harm!
 72380 | Slime:5  | Slain by an azure jelly

Illustrated notes

Levels and vault maps discovered:
D:1:      matt_arrival_grand_opening, layout_loops_corners, nicolae_titane
D:2:      layout_basic
D:3:      layout_loops_ring, gammafunk_ghost_smash, grunt_decor_resistance,
          minmay_diced_spiral, uniq_sigmund
D:4:      layout_basic, minmay_a_box_with_orc_wizards_in_it, uniq_menkaure
D:5:      layout_gridville, old_standard_altar, lemuel_temple_firewalk_a,
          uniq_pikel, uniq_eustachio, uniq_ijyb
D:6:      layout_rooms, serial_shops, nicolae_shop_trees,
          hangedman_abyss_or_decor_jellyfish_corner, wad_rectangle_vault,
          uniq_prince_ribbit1, uniq_duvessa, uniq_blork_the_orc
D:7:      layout_basic, serial_shops, shop, nrook_campfire,
          minmay_fractal_squares_diagonal_5
D:8:      layout_basic, fedhas_altar_fruit_tree,
          mainiacjoe_overflow_concentric_impassable,
          due_lair_maze_entry_diamond, gup_ossuary_entry_pyramid
D:9:      layout_loops_ring, nemelex_spade_bored_becter, uniq_grum
D:10:     layout_rooms, bloody_makhleb
D:11:     layout_roguey, orc_0_dummy
D:12:     layout_gridville, uniq_kirke
D:13:     layout_basic, ebering_ghost_disaster_area
D:14:     layout_loops_corners, ximxim_vaults_locker_room, serial_shops,
          shop_fountains, kennysheep_big_empty_room
D:15:     hangedman_depths_entry_civil_slaughter, layout_long_grid
Temple:   hellmonk_temple_divided_pantheon
Lair:1:   layout_roguey, gauntlet_entry_generic, nicolae_lair_grazing_beasts
          [nicolae_sub_lair_graze_edge, nicolae_sub_lair_graze_edge,
          nicolae_sub_lair_graze_edge, nicolae_sub_lair_graze_edge],
          infiniplex_staircase_pool, grunt_megastairs_4, lemuel_fruit_fields
Lair:2:   layout_concentric_octagons, minmay_swamp_entry_worms,
          grunt_forest_small_clearings, beast_lair_carwin_7
Lair:3:   layout_regular_city, spider_nest_entry_webs
Lair:4:   layout_big_grid, minivault_19, nicolae_lair_liquid_snakes, uniq_rupert
Lair:5:   minmay_lair_end_frog_pond, layout_gridlike,
          minmay_slime_entry_oklob_open, serial_bayou_lagoon_b
Swamp:1:  layout_falls_marsh, serial_swamp_ruin, evilmike_swamp_ruin_house_6,
          evilmike_swamp_ruin_house_1, evilmike_swamp_ruin_house_4, swamp_pool5
Swamp:2:  layout_basic_swamp, evilmike_swamp_ruin_rubble_2
Swamp:3:  layout_basic_swamp, evilmike_swamp_ruin_house_2, swamp_pool3,
          uniq_nikola
Swamp:4:  swamp_icy, layout_basic_swamp, swamp_pool5, hangedman_swamp_dais,
          infiniplex_staircase_pool_2
Spider:1: layout_spider_delve
Spider:2: gammafunk_sealed_arena, nicolae_spider_bug_shape
Spider:3: layout_cave_pods, portal_ice_cave_entry_pillars_2, uniq_jorgrun,
          uniq_agnes
Spider:4: hellmonk_spider_rune_bug_friends, beargit_elvish_explorers
Slime:1:  layout_caves
Slime:2:  cheibrodos_slime_lost_civilization_2, layout_caves
Slime:3:  layout_caves
Slime:4:  layout_caves
Slime:5
Orc:1:    layout_caves
Orc:2:    grunt_orc_tribal_feast, layout_diamond_mine, gammafunk_ghost_cemetery
Elf:1:    elf_arrival_001, layout_loops_cross, serial_shops, shop, orc_legates
Elf:2:    elven_hall_of_blades_hangedman_original
          [nicolae_blade_entry_pointy_end], layout_loops_cross,
          lemuel_upstairs_altar
Elf:3:    minmay_elf_hall_not_hex, layout_gridlike, basic_altar,
          nicolae_elf_double_double_double_trouble
Vaults:1: grunt_vaults_twisty, nicolae_vaults_variable_pillar_hall,
          nicolae_vaults_tetromino_Z_2, nicolae_vaults_tetromino_L_2,
          nicolae_vaults_taking_the_gang_shopping,
          vaults_room_grunt_arrival_ludios, nicolae_vaults_surprise_closet,
          v_rooms_5, nicolae_vaults_turnstiles, nicolae_vaults_angled_halls,
          nicolae_vaults_antechamber_and_loot_room, ontoclasm_vaults_ring_small,
          nicolae_vaults_trapezoid_lopsided_1, layout_vaults_maze_snakey,
          serial_shops, shop
Vaults:2: nicolae_vaults_circle_grid_b, ontoclasm_vaults_ring_square,
          nicolae_vaults_closet_pinwheel_6, minmay_crypt_entry_simple_statues,
          nicolae_vaults_library_corner, layout_vaults_omnigrid, serial_shops,
          shop
Vaults:3: nicolae_vaults_closet_pinwheel_5, vaults_room_fancy_cross,
          nicolae_vaults_surprise_closet, nicolae_vaults_alarming, v_misc_17,
          vaults_mumra_chevron, nicolae_vaults_trapezoid_4, v_misc_8,
          nicolae_vaults_closet_pinwheel_2, nicolae_vaults_double_plus_3,
          v_alt_pattern_5, hangedman_vaults_pinch, vaults_dpeg_cross,
          layout_vaults_omnibox, serial_shops, shop_fountains, uniq_xtahua,
          uniq_bai_suzhen, uniq_donald
Vaults:4: nicolae_vaults_tangram_1, vaults_dpeg_doors, vaults_room_corners,
          v_misc_24, nicolae_vaults_tetromino_L_1,
          nicolae_vaults_door_testing_chamber,
          vaults_standard_mumra_enter_the_diamond, vaults_mumra_hexcomb,
          v_rooms_4, ontoclasm_vaults_twist, nicolae_vaults_ninety_degrees,
          nicolae_vaults_oozy_zoo, ontoclasm_vaults_shuriken,
          layout_vaults_omnicross
Vaults:5: uniq_jory
Crypt:1:  layout_chaotic_city, st_stairs_10, grunt_megastairs_2
Depths:1: layout_cave_pools, enter_ziggurat_b, grunt_mini_vestibule,
          serial_glass, glass_columns_a, glass_columns_a,
          rand_demon_pan_entry_3, grunt_ministairs_6,
          pdpol_wu_jian_five_deadly_venoms
Depths:2: minmay_octo_star, layout_honeycomb, rand_demon_pan_entry_4,
          hell_entry, minmay_crystal_water, minmay_staircase_bubble
Depths:3: nooodl_glass_maze, layout_basic, abyss_entry,
          nicolae_concentric_dashed_squares_mild, hell_entry,
          grunt_pan_entry_in_and_out, grunt_gozag_statues
Depths:4: grunt_zot_entry_bicorn, layout_gridville, serial_shops,
          nicolae_shop_drivethru, nicolae_shop_crystal, hell_entry,
          minmay_misc_feat_chi, minmay_shoptagon, serial_bayou_shore_a,
          serial_bayou_shore_b, uniq_josephina

Skill      XL: |  1  2  3  4  5  6  7  8  9 10 11 12 13 14 15 16 17 18 19 20 21 22 23 24 25 26 |
---------------+-------------------------------------------------------------------------------+-----
Axes           | 3 4 6 7 8 10 12 13 14 15 16 17 18 19 20 21 22 23 24 25 | 25.2
Fighting       | 4 6 8 10 12 13 14 15 16 17 18 19 20 21 22 23 | 23.7
Invocations    | 4 7 9 10 12 13 14 15 16 | 16.0
Shields        | 5 7 8 9 10 11 12 13 14 15 16 17 18 19 | 19.9
Armour         | 5 7 8 9 10 11 12 13 14 15 16 17 18 19 20 | 20.7
Throwing       | 3 5 6 7 8 9 10 11 12 13 14 15 | 15.2
Dodging        | 3 4 5 6 7 8 9 10 11 12 13 14 | 14.1
Evocations     | 2 3 |  3.0

Action                     |  1- 3 |  4- 6 |  7- 9 | 10-12 | 13-15 | 16-18 | 19-21 | 22-24 | 25-27 || total
---------------------------+-------+-------+-------+-------+-------+-------+-------+-------+-------++-------
  Melee: War axe           |    64 |    98 |   246 |   503 |   470 |   553 |   348 |   482 |       ||  2764
         Flail             |       |       |       |       |    18 |       |       |       |       ||    18
         Unarmed           |       |       |       |       |     1 |       |       |       |       ||     1
         Broad axe         |       |       |       |       |       |    92 |     3 |   298 |   383 ||   776
  Throw: Stone             |     1 |       |     2 |       |       |       |       |       |       ||     3
         Dart              |       |       |     4 |       |       |       |       |       |       ||     4
         Javelin           |       |       |       |    10 |    12 |    23 |     8 |    40 |     7 ||   100
         Boomerang         |       |       |       |       |       |     7 |       |    61 |    16 ||    84
 Invoke: Summon Divine War |       |       |       |       |     4 |    19 |     9 |    16 |     9 ||    57
         Cleansing Flame   |       |       |       |       |     1 |     2 |       |     5 |     4 ||    12
         Divine Shield     |       |       |       |       |     1 |       |       |     2 |       ||     3
  Evoke: Wand              |       |       |     1 |     1 |    23 |     3 |       |       |       ||    28
    Use: Scroll            |     1 |     4 |     5 |    18 |     7 |     6 |       |     9 |     2 ||    52
         Potion            |       |       |       |     2 |     2 |     3 |     2 |     8 |     8 ||    25
 Armour: Scale mail        |    29 |    35 |   115 |    79 |       |       |       |       |       ||   258
         Plate armour      |       |       |       |    92 |   263 |     7 |       |       |       ||   362
         Storm dragon scal |       |       |       |       |       |   402 |   114 |   225 |   201 ||   942
  Dodge: Dodged            |    31 |    41 |    88 |   164 |   197 |   317 |   142 |   256 |   152 ||  1388
  Block: Buckler           |     9 |    23 |    53 |   127 |   102 |       |       |       |       ||   314
         Kite shield       |       |       |       |       |   113 |    83 |       |       |       ||   196
         Tower shield      |       |       |       |       |       |   652 |   431 |   935 |   468 ||  2486
         Reflection        |       |       |       |       |       |     6 |    50 |    77 |    26 ||   159

Table legend: (Time is in decaauts)
 A = Elapsed time spent in this place.
 B = Non-inter-level travel time spent in this place.
 C = Inter-level travel time spent in this place.
 D = Time resting spent in this place.
 E = Time spent auto-exploring this place.
 F = Levels seen in this place.
 G = Mean time per level.
                   A        B        C        D        E       F      G
               +--------+--------+--------+--------+--------+-----+--------+
         Total |  73614 |  65129 |   8485 |  25245 |  28715 |  53 | 1388.9 |
       Dungeon |  20489 |  17022 |   3467 |   6145 |   8343 |  15 | 1365.9 |
        Temple |     43 |     32 |     11 |      0 |      1 |   1 |   43.0 |
          Lair |   8730 |   6775 |   1955 |   2398 |   3034 |   5 | 1746.0 |
         Swamp |   6127 |   5585 |    542 |   2401 |   2051 |   4 | 1531.8 |
   Spider Nest |   4495 |   4120 |    375 |    828 |   2361 |   4 | 1123.8 |
    Slime Pits |   3939 |   3808 |    131 |   1526 |   1595 |   5 |  787.8 |
  Orcish Mines |   3147 |   2856 |    291 |   1702 |    889 |   2 | 1573.5 |
   Elven Halls |   5968 |   5471 |    497 |   2316 |   2269 |   3 | 1989.3 |
        Vaults |  10976 |  10263 |    713 |   4426 |   4257 |   5 | 2195.2 |
         Crypt |      1 |      1 |      0 |      0 |      0 |   1 |    1.0 |
        Depths |   5986 |   5488 |    498 |   1619 |   2891 |   4 | 1496.5 |
         Abyss |    428 |    428 |      0 |     64 |    181 |   1 |  428.0 |
       Ossuary |    567 |    567 |      0 |    175 |    212 |   1 |  567.0 |
      Ice Cave |   1955 |   1955 |      0 |   1237 |    432 |   1 | 1955.0 |
      Gauntlet |    757 |    757 |      0 |    407 |    196 |   1 |  757.0 |
               +--------+--------+--------+--------+--------+-----+--------+

Top non-repeatable levels by time:
  Lair:1: 3078 daAuts
Vaults:4: 2799 daAuts
 Swamp:4: 2629 daAuts
Vaults:3: 2548 daAuts
   Orc:2: 2542 daAuts
Vaults:5: 2490 daAuts
   Elf:3: 2483 daAuts
Depths:2: 2129 daAuts
    D:14: 1968 daAuts
   IceCv: 1955 daAuts
     D:4: 1954 daAuts
   Elf:2: 1938 daAuts
  Lair:2: 1842 daAuts
     D:3: 1800 daAuts
     D:8: 1763 daAuts
